PCL
SAN JOSE MISSIONS @ MILE HIGH BRONCOS
09/10/2030
 
TOP OF THE 1ST
San Jose Missions batting - Pitching for Mile High Broncos : LHP Jason Dean
Pitching: LHP Jason Dean
Batting: RHB Dan Mason 0-0: Foul Ball, location: 2F
0-1: Ball
1-1: Ball
2-1: SINGLE (Groundball, 6D)
Batting: RHB Jesús Cruz 0-0: Ball
1-0: Grounds into double play, 5-4-3 (Groundball, 56)
Batting: LHB Weston Chaney 0-0: Called Strike
0-1: Ball
1-1: Ball
2-1: Swinging Strike
2-2: Strikes out swinging
Top of the 1st over - 0 runs, 1 hit, 0 errors, 0 left on base; San Jose 0 - Mile High 0
BOTTOM OF THE 1ST
Mile High Broncos batting - Pitching for San Jose Missions : LHP Martín Reyes
Pitching: LHP Martín Reyes
Batting: RHB José Darias 0-0: Ball
1-0: Ball
2-0: Ball
3-0: Base on Balls
Batting: SHB Michael Field 0-0: SINGLE (Groundball, 6S) (infield hit)
José Darias to second
Batting: RHB Rodney González 0-0: Swinging Strike
0-1: Ball
1-1: SINGLE (Groundball, 6M) (infield hit)
José Darias to third
Michael Field to second
Batting: RHB António Martínez 0-0: Ball
1-0: Called Strike
1-1: Ball
2-1: Called Strike
2-2: Strikes out looking
Batting: RHB Edward Williams 0-0: Called Strike
0-1: Ball
1-1: Ground out 5-3 (Groundball, 56S)
José Darias scores
Michael Field to third
Rodney González to second
Batting: SHB Ben Marks 0-0: Ball
1-0: Ball
2-0: SINGLE (Groundball, 4MD)
Michael Field scores
Rodney González to third
Runner from 3rd tries for Home, SAFE, no throw
Batting: RHB Tom Lang 0-0: Called Strike
0-1: Foul Ball, location: 2F
0-2: Ball
Pickoff Throw to First - Error! E1
Ben Marks to second
1-2: Foul Ball, location: 2F
1-2: Foul Ball, location: 2F
1-2: Ball
2-2: Ball
3-2: Foul Ball, location: 2F
3-2: Strikes out swinging
Bottom of the 1st over - 3 runs, 3 hits, 1 error, 1 left on base; San Jose 0 - Mile High 3
TOP OF THE 2ND
San Jose Missions batting - Pitching for Mile High Broncos : LHP Jason Dean
Batting: SHB Ángel González 0-0: Ball
1-0: Ground out 6-3 (Groundball, 6)
Batting: LHB Chris Moore 0-0: Foul Ball, location: 2F
0-1: Ball
1-1: Ball
2-1: SINGLE (Line Drive, 6D)
Batting: RHB Jorge Díaz 0-0: Ball
1-0: Called Strike
1-1: Fielders Choice at 2nd, 1-6 (Groundball, P)
Batting: RHB Dave Wookey 0-0: Called Strike
0-1: Ball
1-1: Ball
2-1: Ball
3-1: Base on Balls
Jorge Díaz to second
Batting: RHB Alberto Ramos 0-0: Called Strike
0-1: Called Strike
0-2: Ball
1-2: Fly out, F7 (Line Drive, 7D)
Top of the 2nd over - 0 runs, 1 hit, 0 errors, 2 left on base; San Jose 0 - Mile High 3
BOTTOM OF THE 2ND
Mile High Broncos batting - Pitching for San Jose Missions : LHP Martín Reyes
Batting: SHB Paco Martínez 0-0: Called Strike
0-1: Ball
1-1: Foul Ball, location: 2F
1-2: Strikes out swinging
Batting: RHB Mançio Delmage 0-0: Called Strike
0-1: Foul Ball, location: 2F
0-2: Ball
1-2: Ball
2-2: Strikes out swinging
Batting: RHB José Darias 0-0: Ground out 4-3 (Groundball, 34)
Bottom of the 2nd over - 0 runs, 0 hits, 0 errors, 0 left on base; San Jose 0 - Mile High 3
TOP OF THE 3RD
San Jose Missions batting - Pitching for Mile High Broncos : LHP Jason Dean
Batting: RHB David Crespo 0-0: Ball
1-0: Ground out 6-3 (Groundball, 6)
Batting: RHB Dan Mason 0-0: Foul Ball, location: 2F
0-1: Called Strike
0-2: Ball
1-2: Fly out, F4 (Popup, 34)
Batting: RHB Jesús Cruz 0-0: Ball
1-0: Ground out U3 (Groundball, 3S)
Top of the 3rd over - 0 runs, 0 hits, 0 errors, 0 left on base; San Jose 0 - Mile High 3
BOTTOM OF THE 3RD
Mile High Broncos batting - Pitching for San Jose Missions : LHP Martín Reyes
Batting: SHB Michael Field 0-0: Foul Ball, location: 2F
0-1: Foul Ball, location: 2F
0-2: Ball
1-2: Ground out 6-3 (Groundball, 6S)
Batting: RHB Rodney González 0-0: Foul Ball, location: 2F
0-1: Ball
1-1: Foul Ball, location: 2F
1-2: Foul Ball, location: 2F
1-2: Ground out 1-3 (Groundball, P)
Batting: RHB António Martínez 0-0: Ground out 3-1 (Groundball, 34S)
Bottom of the 3rd over - 0 runs, 0 hits, 0 errors, 0 left on base; San Jose 0 - Mile High 3
TOP OF THE 4TH
San Jose Missions batting - Pitching for Mile High Broncos : LHP Jason Dean
Batting: LHB Weston Chaney 0-0: Called Strike
0-1: Foul Ball, location: 2F
0-2: Ball
1-2: Strikes out looking
Batting: SHB Ángel González 0-0: Foul Ball, location: 2F
0-1: Fly out, F7 (Flyball, 7LS)
Batting: LHB Chris Moore 0-0: Foul Ball, location: 2F
0-1: Foul Ball, location: 2F
0-2: Foul Ball, location: 2F
0-2: Foul Ball, location: 2F
0-2: Fly out, F4 (Line Drive, 4)
Top of the 4th over - 0 runs, 0 hits, 0 errors, 0 left on base; San Jose 0 - Mile High 3
BOTTOM OF THE 4TH
Mile High Broncos batting - Pitching for San Jose Missions : LHP Martín Reyes
Batting: RHB Edward Williams 0-0: Ground out 5-3 (Groundball, 56S)
Batting: SHB Ben Marks 0-0: Called Strike
0-1: Foul Ball, location: 2F
0-2: SINGLE (Flyball, 7LS)
Batting: RHB Tom Lang 0-0: Swinging Strike
0-1: Foul Ball, location: 2F
0-2: Strikes out swinging
Batting: SHB Paco Martínez 0-0: Ball
1-0: Ground out 4-3 (Groundball, 4)
Bottom of the 4th over - 0 runs, 1 hit, 0 errors, 1 left on base; San Jose 0 - Mile High 3
TOP OF THE 5TH
San Jose Missions batting - Pitching for Mile High Broncos : LHP Jason Dean
Batting: RHB Jorge Díaz 0-0: Ball
1-0: Foul Ball, location: 2F
1-1: Foul Ball, location: 2F
1-2: Ball
2-2: Strikes out looking
Batting: RHB Dave Wookey 0-0: Ball
1-0: Ball
2-0: Ball
3-0: Base on Balls
Batting: RHB Alberto Ramos 0-0: Called Strike
0-1: Ball
1-1: Ball
2-1: Fly out, F9 (Flyball, 89D)
Batting: RHB David Crespo 0-0: Ball
1-0: Ball
2-0: Swinging Strike
2-1: Fly out, F8 (Line Drive, 89D)
Top of the 5th over - 0 runs, 0 hits, 0 errors, 1 left on base; San Jose 0 - Mile High 3
BOTTOM OF THE 5TH
Mile High Broncos batting - Pitching for San Jose Missions : LHP Martín Reyes
Batting: RHB Mançio Delmage 0-0: Swinging Strike
0-1: Ball
1-1: Ground out 6-3 (Groundball, 6)
Batting: RHB José Darias 0-0: Ball
1-0: SINGLE (Groundball, 6MD)
Batting: SHB Michael Field 0-0: Ball
1-0: Fly out, F5 (Line Drive, 56)
Batting: RHB Rodney González 0-0: Called Strike
0-1: Ball
1-1: Ball
2-1: Called Strike
2-2: Ball
3-2: DOUBLE (Flyball, 89XD)
José Darias to third
José Darias scores
Batting: RHB António Martínez 0-0: Foul Ball, location: 2F
0-1: Called Strike
0-2: Strikes out swinging
Bottom of the 5th over - 1 run, 2 hits, 0 errors, 1 left on base; San Jose 0 - Mile High 4
TOP OF THE 6TH
San Jose Missions batting - Pitching for Mile High Broncos : LHP Jason Dean
Batting: RHB Dan Mason 0-0: Ball
1-0: Called Strike
1-1: Ball
2-1: Fly out, F8 (Flyball, 89XD)
Batting: RHB Jesús Cruz 0-0: Foul Ball, location: 2F
0-1: Foul Ball, location: 2F
0-2: SINGLE (Groundball, 6MD)
Batting: LHB Weston Chaney 0-0: Called Strike
0-1: Ball
1-1: Swinging Strike
1-2: Strikes out swinging
Batting: SHB Ángel González 0-0: Called Strike
0-1: Ball
1-1: Ball
2-1: Ball
3-1: Swinging Strike
3-2: Strikes out swinging
Top of the 6th over - 0 runs, 1 hit, 0 errors, 1 left on base; San Jose 0 - Mile High 4
BOTTOM OF THE 6TH
Mile High Broncos batting - Pitching for San Jose Missions : LHP Martín Reyes
Batting: RHB Edward Williams 0-0: Ball
1-0: Ball
2-0: Fly out, F5 (Line Drive, 56)
Batting: SHB Ben Marks 0-0: Swinging Strike
0-1: Ball
1-1: Fly out, F9 (Flyball, 9D)
Batting: RHB Tom Lang 0-0: Fly out, F8 (Flyball, 8LM)
Bottom of the 6th over - 0 runs, 0 hits, 0 errors, 0 left on base; San Jose 0 - Mile High 4
TOP OF THE 7TH
San Jose Missions batting - Pitching for Mile High Broncos : LHP Jason Dean
Batting: LHB Chris Moore 0-0: Called Strike
0-1: Ball
1-1: Swinging Strike
1-2: Strikes out swinging
Batting: RHB Jorge Díaz 0-0: Called Strike
0-1: Fly out, F8 (Flyball, 8RS)
Batting: RHB Dave Wookey 0-0: Called Strike
0-1: Ball
1-1: Ground out 6-3 (Groundball, 6)
Top of the 7th over - 0 runs, 0 hits, 0 errors, 0 left on base; San Jose 0 - Mile High 4
BOTTOM OF THE 7TH
Mile High Broncos batting - Pitching for San Jose Missions : LHP Martín Reyes
Batting: SHB Paco Martínez 0-0: Ball
1-0: Fly out, F9 (Flyball, 89D)
Batting: RHB Mançio Delmage 0-0: Called Strike
0-1: Swinging Strike
0-2: Ball
1-2: Strikes out swinging
Batting: RHB José Darias 0-0: Ground out 6-3 (Groundball, 6)
Bottom of the 7th over - 0 runs, 0 hits, 0 errors, 0 left on base; San Jose 0 - Mile High 4
TOP OF THE 8TH
San Jose Missions batting - Pitching for Mile High Broncos : LHP Jason Dean
Batting: RHB Alberto Ramos 0-0: Ground out 4-3 (Groundball, 4)
Pitching: LHP Domingo Morales
Batting: RHB David Crespo 0-0: Ball
1-0: Foul Ball, location: 2F
1-1: Foul Ball, location: 2F
1-2: DOUBLE (Groundball, 5L)
Batting: RHB Dan Mason 0-0: Ball
1-0: Ball
2-0: Foul Ball, location: 2F
2-1: Foul Ball, location: 2F
2-2: Ball
3-2: Base on Balls
Batting: RHB Jesús Cruz 0-0: Ball
1-0: Ball
2-0: Called Strike
2-1: Called Strike
2-2: Strikes out swinging
Batting: LHB Weston Chaney 0-0: Called Strike
0-1: Ground out 5-3 (Groundball, 56S)
Top of the 8th over - 0 runs, 1 hit, 0 errors, 2 left on base; San Jose 0 - Mile High 4
BOTTOM OF THE 8TH
Mile High Broncos batting - Pitching for San Jose Missions : LHP Martín Reyes
Pitching: RHP Francisco Arellano
Batting: SHB Michael Field 0-0: Called Strike
0-1: Ball
1-1: Reached on error, E4 (Groundball, 4M)
Batting: RHB Rodney González 0-0: Fly out, F8 (Flyball, 8RS)
Batting: RHB António Martínez 0-0: Ball
1-0: 2-RUN HOME RUN (Flyball, 9D), Distance : 388 ft
Batting: RHB Edward Williams 0-0: Swinging Strike
0-1: Called Strike
0-2: Strikes out swinging
Batting: SHB Ben Marks 0-0: Fly out, F8 (Flyball, 8LD)
Bottom of the 8th over - 2 runs, 1 hit, 1 error, 0 left on base; San Jose 0 - Mile High 6
TOP OF THE 9TH
San Jose Missions batting - Pitching for Mile High Broncos : LHP Domingo Morales
Now at 2B: Keith Shaffer
Now at SS: Luis Alvarado
Now in LF: Don Hull
Batting: SHB Ángel González 0-0: Foul Ball, location: 2F
0-1: Fly out, F2 (Popup, 23F)
Batting: LHB Chris Moore 0-0: Ball
1-0: Called Strike
1-1: Ball
2-1: Ball
3-1: Base on Balls
Batting: RHB Jorge Díaz 0-0: Ball
1-0: Ball
2-0: Ball
3-0: Called Strike
3-1: Grounds into double play, 4-6-3 (Groundball, 4D)
Top of the 9th over - 0 runs, 0 hits, 0 errors, 0 left on base; San Jose 0 - Mile High 6
Saturday, April 7th, 2018 - OOTP Baseball 18.8 Build 76